AoeStats
← Tomato

Black Forest

507809844Analyzed
4v4 RM · 12d ago on Sep 19, 2026· 49m 7s· 8 players
Game mode
Random Map
Map size
Large (8 player)
Population
200
Speed
Normal
Resources
Standard
Victory
Conquest
Starting age
Dark Age
Ending age
Imperial Age
RankedLock teamsTeams togetherTeam positionsShared explorationLock speedFull tech treeHidden civsTurbo modeCheats
Victory
Defeat
🇩🇪 Khmer · Germany
1456
+12
🇨🇳 Spanish · China
1435
+12
🇧🇷 Persians · Brazil
1363
+15
🇹🇷 Hindustanis · Türkiye
1264
+19
🇫🇮 Mongols · Finland
1522
-22
🇳🇱 Poles · Netherlands
1369
-15
🇳🇴 Malay · Norway
1290
-24
🇫🇮 Celts · Finland
1215
-9
PaidatonPillastuja
1:08 Loom
12:31 Feudal Age
16:30 Castle Age
14:30 Double-Bit Axe
15:01 Horse Collar
23:50 Wheelbarrow
24:31 Heavy Plow
42:45 Pikeman
46:05 Hand Cart
46:19 Bow Saw
49:58 Imperial Age
48:08 Scale Mail Armor
48:18 Forging
Tomato
5:09 Loom
12:38 Feudal Age
14:01 Horse Collar
14:12 Double-Bit Axe
14:19 Stone Mining
18:09 Castle Age
17:23 Gold Mining
18:48 Wheelbarrow
19:38 Bow Saw
23:54 Szlachta Privileges
29:43 Imperial Age
27:31 Hand Cart
27:01 Town Watch
27:52 Scale Barding Armor
27:57 Forging
28:57 Bloodlines
28:47 Husbandry
30:55 Conscription
31:02 Heavy Plow
30:40 Cavalier
30:40 Light Cavalry
33:44 Chain Barding Armor
33:59 Iron Casting
32:47 Winged Hussar
34:01 Lechitic Legacy
35:34 Crop Rotation
35:45 Caravan
44:57 Blast Furnace
47:05 Coinage
Godlys
0:51 Loom
14:51 Feudal Age
19:09 Castle Age
18:10 Double-Bit Axe
18:06 Horse Collar
22:40 Bow Saw
23:22 Heavy Plow
25:52 Gold Mining
28:07 Wheelbarrow
31:44 Husbandry
31:54 Scale Barding Armor
31:59 Forging
35:26 Imperial Age
34:18 Iron Casting
34:39 Elite Battle Elephant
36:25 Blast Furnace
40:25 Pikeman
41:06 Squires
40:52 Arson
41:37 Halberdier
Valtsyuk
6:04 Loom
10:25 Feudal Age
14:02 Castle Age
12:18 Double-Bit Axe
12:14 Horse Collar
15:08 Bow Saw
21:55 Wheelbarrow
22:02 Gold Mining
22:44 Heavy Plow
28:13 Imperial Age
25:55 Scale Barding Armor
26:12 Forging
26:44 Bloodlines
27:09 Fletching
28:13 Ballistics
28:53 Hand Cart
28:55 Bodkin Arrow
29:36 Bracer
29:37 Padded Archer Armor
31:24 Chemistry
30:51 Thumb Ring
32:09 Leather Archer Armor
33:32 Conscription
33:29 Elite Mangudai
35:52 Parthian Tactics
36:24 Siege Engineers
36:30 Masonry
43:49 Caravan
Faith
6:44 Loom
10:28 Feudal Age
14:04 Castle Age
12:10 Double-Bit Axe
15:05 Horse Collar
24:43 Gold Mining
27:53 Imperial Age
26:09 Wheelbarrow
26:04 Bloodlines
26:22 Bow Saw
26:26 Husbandry
27:15 Forging
27:10 Scale Barding Armor
27:56 Cavalier
29:00 Conscription
28:44 Heavy Plow
30:04 Hand Cart
29:35 Town Watch
30:13 Chain Barding Armor
32:01 Iron Casting
32:45 Plate Barding Armor
34:12 Chemistry
34:26 Blast Furnace
33:46 Paladin
36:11 Caravan
eraycoskun33
11:19 Feudal Age
14:03 Castle Age
12:26 Double-Bit Axe
12:32 Horse Collar
15:56 Wheelbarrow
15:58 Bow Saw
15:57 Loom
22:36 Gold Mining
25:59 Husbandry
29:44 Hand Cart
29:15 Town Watch
32:55 Imperial Age
31:10 Heavy Plow
32:02 Scale Barding Armor
32:07 Forging
33:03 Elite Ballista Elephant
33:06 Capped Ram
34:10 Double Crossbow
35:44 Chemistry
34:58 Siege Engineers
34:40 Siege Ram
36:05 Chain Barding Armor
36:52 Chemistry
36:12 Ballistics
36:03 Masonry
38:14 Heavy Scorpion
41:42 Bloodlines
40:52 Light Cavalry
43:00 Plate Barding Armor
43:01 Iron Casting
43:37 Conscription
42:49 Hussar
45:03 Masonry
44:48 Murder Holes
46:58 Blast Furnace
45:49 Fletching
46:00 Padded Archer Armor
46:00 Scale Mail Armor
46:50 Caravan
zeron
0:31 Loom
14:23 Feudal Age
18:52 Castle Age
16:41 Double-Bit Axe
18:12 Horse Collar
26:58 Gold Mining
26:58 Stone Mining
27:52 Stone Mining
32:29 Imperial Age
30:30 Bow Saw
30:28 Heavy Plow
31:37 Husbandry
31:48 Bloodlines
31:54 Scale Barding Armor
33:15 Gold Shaft Mining
32:44 Grand Trunk Road
33:30 Chain Barding Armor
33:32 Heavy Camel Rider
35:34 Chemistry
35:59 Plate Barding Armor
36:13 Stone Shaft Mining
36:48 Two-Man Saw
36:12 Imperial Camel Rider
37:46 Forging
39:33 Caravan
40:23 Iron Casting
44:13 Coinage
45:28 Blast Furnace
46:02 Shatagni
47:15 Banking
TmZ_Mosquito Sedutor
7:53 Loom
11:48 Feudal Age
15:25 Castle Age
13:12 Horse Collar
14:04 Double-Bit Axe
20:41 Bow Saw
20:42 Heavy Plow
21:51 Wheelbarrow
25:05 Hand Cart
25:41 Gold Mining
25:42 Stone Mining
30:53 Imperial Age
29:10 Gold Shaft Mining
29:10 Stone Shaft Mining
29:38 Scale Barding Armor
29:44 Forging
29:26 Fletching
30:35 Scale Mail Armor
30:56 Chain Barding Armor
30:57 Town Watch
31:14 Squires
30:59 Arson
30:35 Pikeman
31:51 Iron Casting
31:04 Gambesons
31:46 Ballistics
31:21 Murder Holes
31:39 Masonry
32:42 Two-Man Saw
32:16 Crop Rotation
31:58 Halberdier
32:43 Caravan
33:39 Conscription
34:47 Hoardings
33:34 Elite War Elephant
34:33 Chain Mail Armor
34:54 Plate Barding Armor
34:50 Citadels
35:47 Chemistry
36:06 Blast Furnace
35:02 Bodkin Arrow
35:35 Town Patrol
37:48 Plate Mail Armor
49:47 Bloodlines
49:37 Husbandry
Connection lost

Rejoining the realm…

Still unreachable

The connection could not be restored.

Session expired

The server has moved on; the page needs a fresh start.